 Dungeon Crawl Stone Soup version 0.19-a0-450-g98b348d (webtiles) character file.

940 tyrsky the Covert (level 7, 0/34 HPs)
             Began as a Felid Venom Mage on June 1, 2016.
             Was a Follower of Ru.
             Slain by a spriggan baker
             ... wielding a +0 dagger
              (7 damage)
             ... on level 10 of the Dungeon.
             The game lasted 00:48:19 (8639 turns).

tyrsky the Covert (Felid Venom Mage)                Turns: 8639, Time: 00:48:20

Health: 0/34       AC:  2    Str:  9    XL:     7   Next: 88%
Magic:  5/11       EV: 23    Int: 17    God:    Ru [*.....]
Gold:   428        SH:  0    Dex: 16    Spells: 3 memorised, 4 levels left
                                        Lives:  0   Deaths: 2

rFire  + . .     SeeInvis +       - Unarmed
rCold  . . .     Gourm    .     (armour unavailable)
rNeg   . . .     Faith    .     (shield unavailable)
rPois  .         Spirit   .     (helmet unavailable)
rElec  .         Dismiss  .     (cloak unavailable)
rCorr  .         Reflect  .     (gloves unavailable)
SustAt .         Harm     .     (boots unavailable)
MR     +....                    (no amulet)
Stlth  +++++.....               d - ring of protection from fire
                                j - +2 ring of strength

@: quick, somewhat resistant to hostile enchantments, quite stealthy
A: no armour, no weapons or thrown items, claws 1, fangs 3, see invisible,
carnivore 3, speed 1, shaggy fur 2, slow metabolism 1, inexperienced 1, sharp
paws
a: Renounce Religion


You were on level 10 of the Dungeon.
You worshipped Ru.
Ru was aware of your devotion.
You were not hungry.

You visited 2 branches of the dungeon, and saw 11 of its levels.
You also visited: Ossuary.

You collected 428 gold pieces.

Inventory:

Jewellery
 d - a ring of protection from fire (right paw)
 j - a +2 ring of strength (left paw)
 z - an uncursed ring of sustain attributes
Wands
 f - a wand of iceblast (5/15)
 n - a wand of heal wounds (0/9)
 o - a wand of slowing (35/48)
 q - a wand of flame (15/48)
 u - a wand of acid (4/15)
 y - a wand of flame (29/48)
Scrolls
 c - a scroll of immolation
 e - 4 scrolls of identify {@*1}
 m - 2 scrolls of remove curse
 r - 2 scrolls of teleportation
 w - a scroll of recharging {unknown}
 x - a scroll of vulnerability {unknown}
 A - a scroll of amnesia
Potions
 h - a potion of cancellation
 k - a potion of beneficial mutation {unknown}
 l - 2 potions of curing {unknown}
 p - 2 potions of haste
 s - a potion of degeneration {unknown}
 t - a potion of mutation {unknown}
 v - a potion of flight {unknown}
Books
 a - a Young Poisoner's Handbook

   Spells                             Type                      Level
   a - Sting                          Conjuration/Poison           1
   b - Cure Poison                    Poison                       2
   c - Mephitic Cloud                 Conjuration/Poison/Air       3
   d - Olgreb's Toxic Radiance        Poison                       4
   e - Venom Bolt                     Conjuration/Poison           5
Comestibles
 b - 7 meat rations
 g - 4 slices of pizza
 i - a beef jerky


   Skills:
 * Level 6.0 Fighting
 + Level 7.4 Dodging
 + Level 9.0 Stealth
 * Level 8.0 Unarmed Combat
 - Level 2.0 Spellcasting
 + Level 4.2 Conjurations
 + Level 3.8 Air Magic
 - Level 3.6 Poison Magic


You had 4 spell levels left.
You knew the following spells:

 Your Spells              Type           Power        Failure   Level  Hunger
a - Sting                 Conj/Pois      ##..         4%          1    #......
b - Cure Poison           Pois           ##........   10%         2    ###....
c - Mephitic Cloud        Conj/Pois/Air  ##......     14%         3    ###....


Dungeon Overview and Level Annotations

Branches:
Dungeon (10/15)            Temple (1/1) D:6            Lair (0/8) D:10
    Orc: D:9-12

Altars:
Ashenzari
Elyvilon
Fedhas
Gozag
Hepliaklqana
Kikubaaqudgha
Okawaru
Pakellas
Ru
Sif Muna
Vehumet
Yredelemnul
The Shining One
Jiyva

Shops:
D:4 [

Annotations:
D:4 McCoppin's ghost, amateur DsGl
D:5 Sigmund
D:8 Psyche


Innate Abilities, Weirdness & Mutations

You cannot wear armour.
You are incapable of wielding weapons or throwing items.
You have sharp claws.
You have razor-sharp teeth.
You have supernaturally acute eyesight. (SInv)
You are carnivorous and can eat meat at any time.
You cover ground quickly.
You are covered in thick fur. (AC +2)
You have a slow metabolism.
You are somewhat inexperienced. (-2 XL)
Your sharp claws are effective at attacking unaware monsters.


Message History

The yak appears confused.
An adder comes into view.
The wasp buzzes around in tight circles.
Casting: Mephitic Cloud
Confirm with . or Enter, or press ? or * to list all spells.
You don't have enough magic to cast that spell.
Things that are here:
a hand axe; a chain mail; an orc corpse The yak is no longer moving slowly.
Found a scroll of teleportation.
The wasp seems less confused.
The spriggan baker hits you with a dagger.
* * * LOW HITPOINT WARNING * * *
The spriggan baker barely misses you.
The spriggan baker hits you with a dagger!
* * * LOW HITPOINT WARNING * * *
There is a stone staircase leading up here.
The spriggan baker barely misses you.
The spriggan baker hits you with a dagger!
You die...

....... ...##.##.##......[#### #
#.....# ###.##.##.#########...# #
#.....# #....y..............# #
#.?...########<###.########...###
......##....y...†#.# ##.##.#
........S...##.#S#y# ###...
.......P.P.....#.#.# #§§..
###...P.P........i.# #.§..
..#....P...P.P.#h### #.§§.
.)...P...P.PP....# #§..§
.#..PPP####†.P...# ###.#
.†..P.P#.>#..P...# ###
...P..P#.)#.....##
.#.$P.P#'##.....#
.#...PP..P...P.P#
.....P.P?.P.P..##
#......P...P...#


You could see a spriggan baker, a wasp and an adder.

Vanquished Creatures
  Erica (D:8)
  Joseph (D:8)
  Prince Ribbit (D:5)
  3 yaks (D:9)
  Eustachio (D:6)
  2 sky beasts
  2 orc warriors (D:10)
  2 ogres
  A necrophage (D:9)
  2 wolves (D:10)
  2 crocodiles
  2 giant frogs
  A gnoll sergeant (D:6)
  2 scorpions
  3 howler monkeys
  2 crimson imps
  A giant frog zombie (D:7)
  An orc priest (D:8)
  2 hounds
  6 orc wizards
  Crazy Yiuf (D:7)
  A centaur skeleton (D:10)
  4 giant frog skeletons
  3 iguanas
  2 worker ants
  A killer bee zombie (D:10)
  A centaur simulacrum (D:10)
  An ogre zombie (D:9)
  A hound zombie (D:8)
  2 mummies
  A worker ant zombie (D:7)
  Robin (D:3)
  9 adders
  6 gnolls
  A shadow imp (D:8)
  A white imp (D:10)
  An adder skeleton (D:5)
  3 worms
  2 dart slugs
  3 giant geckos
  18 orcs
  4 ball pythons
  14 bats
  2 giant cockroaches
  19 goblins
  7 hobgoblins
  6 kobolds
  3 quokkas
  10 giant newts
  A kobold zombie (Ossuary)
  2 orc zombies (Ossuary)
  12 rats
  A spectral orc (D:6)
182 creatures vanquished.

Vanquished Creatures (others)
  An orc wizard (D:7)
  2 adders (D:7)
  An orc (D:7)
  A giant newt (D:7)
  A plant (D:10)
6 creatures vanquished.

Grand Total: 188 creatures vanquished

Notes
Turn   | Place    | Note
--------------------------------------------------------------
     0 | D:1      | tyrsky the Felid Venom Mage began the quest for the Orb.
     0 | D:1      | Reached XP level 1. HP: 7/7 MP: 4/4
   431 | D:1      | Reached XP level 2. HP: 11/11 MP: 4/6
   435 | D:1      | Learned a level 2 spell: Cure Poison
   487 | D:1      | Reached skill level 1 in Unarmed Combat
   573 | D:1      | Reached skill level 3 in Stealth
   776 | D:2      | Found an ancient bone altar of Kikubaaqudgha.
   819 | D:2      | Reached skill level 1 in Conjurations
  1108 | D:2      | Reached XP level 3. HP: 14/14 MP: 7/7
  1113 | D:2      | Learned a level 3 spell: Mephitic Cloud
  1446 | D:2      | Found a blossoming altar of Fedhas.
  1464 | D:2      | Reached skill level 4 in Stealth
  1652 | D:2      | Reached skill level 1 in Air Magic
  1652 | D:2      | Reached XP level 4. HP: 12/18 MP: 3/8
  1757 | D:3      | Found a deep blue altar of Sif Muna.
  2384 | D:3      | Reached XP level 5. HP: 20/21 MP: 1/9
  2464 | D:3      | Found a glowing golden altar of the Shining One.
  2899 | D:3      | Noticed Robin
  3123 | D:3      | Killed Robin
  3307 | D:4      | Found Ujum's Antique Armour Boutique.
  3353 | D:4      | Noticed an eye of draining
  3360 | D:4      | Noticed an eye of draining
  3378 | D:4      | Noticed McCoppin's ghost (amateur DsGl)
  3447 | D:4      | Reached skill level 5 in Stealth
  3458 | D:4      | Gained mutation: You are covered in thick fur. (AC +2) [Felid growth]
  3458 | D:4      | Reached XP level 6. HP: 24/24 MP: 5/10
  3775 | D:4      | Found an iron altar of Okawaru.
  3790 | D:5      | Entered Level 5 of the Dungeon
  3921 | D:5      | Noticed Prince Ribbit
  3948 | D:5      | Found a sand-covered staircase.
  3956 | D:5      | Killed Prince Ribbit
  3956 | D:5      | Reached skill level 6 in Stealth
  3956 | D:5      | Reached XP level 7. HP: 26/27 MP: 1/11
  4012 | D:5      | Reached skill level 5 in Unarmed Combat
  4185 | Ossuary  | Entered an ossuary
  4496 | D:5      | Reached skill level 5 in Dodging
  4599 | D:5      | Noticed Sigmund
  4905 | D:6      | Found an oddly glowing altar of Pakellas.
  4941 | D:6      | Reached skill level 1 in Fighting
  5077 | D:6      | Found an opulent altar of Gozag.
  5154 | D:6      | Found a basalt altar of Yredelemnul.
  5258 | D:6      | Reached skill level 7 in Stealth
  5451 | D:7      | Reached XP level 8. HP: 28/33 MP: 10/12
  5620 | D:6      | Found a staircase to the Ecumenical Temple.
  5691 | D:5      | Slain by a water moccasin
  5692 | D:5      | Reached XP level 7. HP: 0/30 MP: 2/11
  5861 | D:6      | Noticed Eustachio
  6513 | D:6      | Killed Eustachio
  6740 | Temple   | Entered the Ecumenical Temple
  6744 | Temple   | Became a worshipper of Ru the Awakened
  7002 | D:7      | Noticed Crazy Yiuf
  7074 | D:7      | Killed Crazy Yiuf
  7198 | D:8      | Noticed Erica
  7215 | D:8      | Killed Erica
  7215 | D:8      | Reached skill level 8 in Stealth
  7215 | D:8      | Reached XP level 8. HP: 15/36 MP: 8/12
  7854 | D:8      | Noticed Psyche
  7881 | D:8      | Noticed Joseph
  7895 | D:8      | Killed Joseph
  7895 | D:8      | Reached skill level 5 in Fighting
  7895 | D:8      | Reached XP level 9. HP: 23/40 MP: 1/13
  8149 | D:9      | Found a radiant altar of Vehumet.
  8181 | D:9      | Gained mutation: You are somewhat inexperienced. (-2 XL) [Ru sacrifice]
  8181 | D:9      | Reached XP level 8. HP: 37/37 MP: 12/12
  8181 | D:9      | Reached XP level 7. HP: 33/33 MP: 11/11
  8181 | D:9      | Reached * piety under Ru
  8206 | D:9      | Found a shattered altar of Ashenzari.
  8229 | D:10     | Entered Level 10 of the Dungeon
  8254 | D:10     | Reached XP level 8. HP: 38/38 MP: 9/12
  8316 | D:10     | Slain by a hound simulacrum
  8317 | D:10     | Reached XP level 7. HP: -1/34 MP: 10/11
  8547 | D:10     | Reached skill level 9 in Stealth
  8579 | D:10     | Found a staircase to the Lair.
  8601 | D:10     | Noticed a yak
  8605 | D:10     | Noticed a yak
  8615 | D:10     | Noticed a spriggan baker
  8639 | D:10     | Slain by a spriggan baker

Vault maps used:
D:1:      dpeg_arrival_round_a, minmay_misc_feat_cross
D:2:      kiku_gazebo_garden_becter, fedhas_altar_fruit_tree
D:3:      lemuel_round_altar, roderic_serpentine_path, tso_altar, uniq_robin
D:4:      lemuel_doored_altar, makhleb_altar_promises_db, trog_eyes_of_draining,
          serial_shops, shop
D:5:      gup_ossuary_entry_pyramid, first_bread, uniq_prince_ribbit1,
          uniq_sigmund
D:6:      marbit_many_paths, yredelemnul_forgotten_temple_becter,
          lemuel_crystal_altar, minmay_temple_entry_large_hall, uniq_eustachio
D:7:      xom_confusion_cloud, uniq_crazy_yiuf_cottage
D:8:      lemuel_coloured_pillars_altar, nemelex_diamond_rough_becter,
          uniq_psyche, uniq_joseph, uniq_erica
D:9:      vehumet_altar_wand_db, kennysheep_mini_moat, zombieorc1_lemuel,
          uniq_maurice
D:10:     grunt_lair_entry_orc_guard_hut, serial_ice, serial_ice_d,
          serial_ice_o, serial_ice_n, serial_ice_m, serial_ice_b, serial_ice_c,
          the_bakery, minmay_fountain_box, hex_medium, minmay_misc_feat_room
Temple:   pf_slimified_temple
Ossuary:  ossuary_tomb_3

Skill      XL: |  1  2  3  4  5  6  7  8 |
---------------+-------------------------+-----
Unarmed Combat | 1 2 3 4 8 7 |  8.0
Stealth        | 3 4 5 6 9 |  9.0
Conjurations   | 1 2 4 3 |  4.2
Air Magic      | 1 2 3 |  3.8
Dodging        | 3 4 7 |  7.4
Fighting       | 6 5 |  6.0
Spellcasting   | |  2.0
Poison Magic   | |  3.6

Action                   |  1- 3 |  4- 6 |  7- 9 || total
-------------------------+-------+-------+-------++-------
Melee: Unarmed           |    12 |   112 |   289 ||   413
       Bite              |     1 |    13 |    26 ||    40
       Punch             |       |     3 |     9 ||    12
 Cast: Sting             |    53 |    73 |    72 ||   198
       Mephitic Cloud    |       |     9 |    36 ||    45
       Cure Poison       |       |       |     3 ||     3
Invok: Sacrifice Experie |       |       |     1 ||     1
Evoke: Wand              |       |       |     1 ||     1
  Use: Scroll            |       |     7 |     1 ||     8
       Potion            |       |       |     1 ||     1
 Stab: Sleeping          |     3 |     6 |    16 ||    25
       Confused          |       |     4 |    15 ||    19
       Distracted        |       |       |     2 ||     2
  Eat: Chunk             |     1 |     6 |    14 ||    21
       Royal jelly       |       |       |     1 ||     1
Armor: Skin              |     1 |     9 |    11 ||    21
Dodge: Dodged            |    22 |    98 |   279 ||   399
